 Dungeon Crawl Stone Soup version 0.30-a0-377-g5cb311bc9f (webtiles) character file.

Game seed: 6040732358144676970

1383 qeuew the Shield-Bearer (level 8, -3/61 (64) HPs)
             Began as a Formicid Fighter on Nov 28, 2022.
             Was a Follower of Okawaru.
             Slain by a wight
             ... wielding a +0 scimitar
              (5 damage)
             ... on level 6 of the Dungeon.
             The game lasted 00:09:26 (4249 turns).

qeuew the Shield-Bearer (Formicid Fighter)          Turns: 4249, Time: 00:09:27

HP:   -3/61 (64)    AC: 19    Str: 21    XL:     8   Next: 99%
MP:   9/9           EV:  9    Int:  8    God:    Okawaru [*.....]
Gold: 302           SH: 11    Dex: 15    Spells: 7/7 levels left

rFire   + . .      SeeInvis +    a - +0 war axe (venom)
rCold   . . .      Faith    .    c - +0 buckler
rNeg    . . .      Spirit   .    r - +3 chain mail {rF+}
rPois   .          Reflect  +    (helmet unavailable)
rElec   .          Harm     .    (no cloak)
rCorr   .          Rampage  .    (no gloves)
Will    .....                    (no boots)
Stlth   ..........               f - amulet of reflection
HPRegen 0.30/turn                i - +4 ring of protection
MPRegen 0.11/turn                (no ring)

@: mighty, lightly drained
A: permanent stasis, dig shafts and tunnels, antennae 3, four strong arms,
iridescent scales 1
a: Dig, Shaft Self, Renounce Religion, Heroism


You were on level 6 of the Dungeon.
You worshipped Okawaru.
Okawaru was aware of your devotion.
You visited 2 branches of the dungeon, and saw 7 of its levels.

You collected 302 gold pieces.

Inventory:

Hand Weapons
 a - a +0 war axe of venom (weapon)
Armour
 c - a +0 buckler (worn)
 r - a +3 chain mail of fire resistance (worn)
Jewellery
 f - an amulet of reflection (around neck)
 i - a +4 ring of protection (left hand)
 s - an amulet of the acrobat
Wands
 b - a wand of paralysis (1)
 e - a wand of light (6) (quivered)
 n - a wand of polymorph (9)
Scrolls
 h - 5 scrolls of magic mapping
 k - a scroll of silence
 l - a scroll of fear {unknown}
 m - 2 scrolls of identify
Potions
 d - a potion of might
 g - 3 potions of mutation
 j - a potion of flight


   Skills:
 + Level 5.6 Fighting
 + Level 4.5 Axes
 + Level 5.5 Armour
 + Level 3.5 Dodging
 + Level 6.7 Shields
 + Level 1.9 Invocations
 + Level 4.1 Evocations


You had 7 spell levels left.
You didn't know any spells.
Your spell library contained the following spells:

 Spells                   Type           Power      Damage    Failure   Level
 Cigotuvi's Dreadful Rot  Necr/Pois/Air  0%         N/A       100%        2
 Poisonous Vapours        Pois/Air       0%         N/A       100%        2
 Gell's Gravitas          Tloc           0%         N/A       100%        3
 Mephitic Cloud           Conj/Pois/Air  0%         N/A       100%        3
 Ozocubu's Armour         Ice            0%         N/A       100%        3
 Teleport Other           Tloc           0%         N/A       100%        3
 Metabolic Englaciation   Hex/Ice        0%         N/A       100%        5
 Dispersal                Tloc           0%         N/A       100%        6
 Simulacrum               Ice/Necr       Unusable   N/A       N/A         6

Dungeon Overview and Level Annotations

Branches:
Dungeon (6/15)             Temple (1/1) D:5

Altars:
Gozag
Makhleb
Nemelex Xobeh
Okawaru
Ru
Trog
Uskayaw
The Shining One

Shops:
D:5 *


Innate Abilities, Weirdness & Mutations

You cannot be hasted, slowed, berserked, paralysed or teleported.
You can dig through walls and to a lower floor.
You have a pair of large antennae on your head. (SInv)
Your four strong arms can wield two-handed weapons with a shield.
You are partially covered in iridescent scales. (AC +2)


Message History

You block the wight's attack.
You barely miss the wight.
The wight is almost destroyed.
You closely miss the wight. You barely miss the wight.
You block the wight's attack. The wight closely misses you.
The wight hits you with a +0 scimitar.
You closely miss the wight.
The wight is almost destroyed.
You closely miss the wight. You barely miss the wight.
The wight hits you with a +0 flail.
You feel drained.
The wight hits you with a +5 long sword.
You feel drained. The wight barely misses you. You block the wight's attack.
The wight hits you with a +5 long sword!
* * * LOW HITPOINT WARNING * * *
The wight hits you but does no damage.
You feel very mighty all of a sudden. The wight hits you with a +0 flail.
* * * LOW HITPOINT WARNING * * *
You feel drained.
* * * LOW HITPOINT WARNING * * *
You block the wight's attack. The wight hits you with a +0 scimitar!
* * * LOW HITPOINT WARNING * * *
Okay, then.
You hit the wight.
The wight is moderately damaged.
You hit the wight.
You destroy the wight!
Okawaru accepts your kill.
You hit the wight. The wight hits you but does no damage.
You block the wight's attack.
You slash the wight!
You destroy the wight!
Okawaru accepts your kill.
You can now gain great but temporary skills.
You hit the wight. The wight closely misses you.
Unknown command.
You barely miss the wight.
The wight is moderately damaged.
The wight hits you but does no damage. The wight hits you with a +0 scimitar.
You die...

.######... ....#+#
.......... ....!..
..........
.......######...........
...........##...........
.................####...
.................+......
......)).........####.##
......z@................
........................
..................†.....
........................
###########.............
................#...
................#...
................#...
................#...


You could see a wight.

Vanquished Creatures
  A water moccasin (D:5)
  2 sky beasts (D:6)
  2 ogres
  2 phantoms
  A necrophage (D:5)
  2 scorpions (D:4)
  2 wights (D:6)
  A howler monkey (D:5)
  A jelly (D:4)
  2 hounds
  An orc priest (D:4)
  An iguana (D:5)
  Terence (D:2)
  An orc wizard (D:5)
  7 gnolls
  7 adders
  A white imp (D:5)
  2 worms
  3 dart slugs
  19 orcs
  5 ball pythons
  9 endoplasms
  4 giant cockroaches
  10 goblins
  4 hobgoblins
  3 jackals (D:3)
  5 kobolds
  6 quokkas
  7 bats
  2 frilled lizards
  7 rats
121 creatures vanquished.

Notes
Turn   | Place    | Note
-------+----------+-------------------------------------------
     0 | D:1      | qeuew the Formicid Fighter began the quest for the Orb.
     0 | D:1      | Reached XP level 1. HP: 18/18 MP: 1/1
    40 | D:1      | You fall into a shaft and drop 1 floor!
    54 | D:2      | Reached XP level 2. HP: 22/24 MP: 2/2
   135 | D:1      | Reached XP level 3. HP: 27/29 MP: 3/3
   498 | D:1      | Reached skill level 1 in Dodging
   768 | D:1      | Reached skill level 1 in Evocations
   783 | D:1      | Gained mutation: You are partially covered in iridescent
                  | scales. (AC +2) [potion of mutation]
   797 | D:2      | Reached XP level 4. HP: 36/36 MP: 4/4
   910 | D:2      | Noticed Terence
   925 | D:2      | Killed Terence
  1184 | D:2      | Reached XP level 5. HP: 42/42 MP: 5/5
  1633 | D:3      | Found a faded altar of an unknown god.
  2004 | D:4      | Noticed an ogre
  2008 | D:4      | Killed an ogre
  2009 | D:4      | Reached skill level 5 in Shields
  2009 | D:4      | Reached XP level 6. HP: 48/48 MP: 6/6
  2242 | D:4      | Reached XP level 7. HP: 52/55 MP: 7/7
  3096 | D:5      | Entered Level 5 of the Dungeon
  3162 | D:5      | Reached skill level 6 in Shields
  3162 | D:5      | Reached XP level 8. HP: 44/61 MP: 8/8
  3166 | D:5      | Reached skill level 5 in Fighting
  3166 | D:5      | Reached skill level 5 in Armour
  3363 | D:5      | Noticed a +0 short sword
  3363 | D:5      | Noticed a +0 dagger
  3363 | D:5      | Noticed a +0 spear
  3364 | D:5      | Noticed a +0 dagger
  3364 | D:5      | Noticed a +0 short sword
  3365 | D:5      | Noticed a +0 spear
  3365 | D:5      | Noticed a +0 falchion
  3368 | D:5      | Noticed a +0 falchion
  3498 | D:5      | Found a staircase to the Ecumenical Temple.
  3507 | Temple   | Entered the Ecumenical Temple
  3563 | Temple   | Became a worshipper of Warmaster Okawaru
  3631 | D:5      | Found a glowing golden altar of the Shining One.
  3863 | D:5      | Found a hide-covered altar of Uskayaw.
  3891 | D:5      | Reached skill level 1 in Invocations
  3968 | D:5      | Found an opulent altar of Gozag.
  3969 | D:5      | Found Gozag's Platinum Reserve.
  4246 | D:6      | HP: 1/56 [wight/+0 scimitar (7)]
  4248 | D:6      | Reached * piety under Okawaru
  4249 | D:6      | Slain by a wight

Illustrated notes

Levels and vault maps discovered:
D:1:      lightli_arrival_statue_moat, layout_rooms, minmay_heptomino_w4
D:2:      layout_rooms, uniq_terence
D:3:      layout_loops_cross, basic_ecumenical_altar
D:4:      layout_loops_ring, minmay_quantized
D:5:      layout_cave_pools, mainiacjoe_overflow_paths,
          nicolae_gozag_zags_fifth_avenue, nicolae_uskayaw_en_pointe,
          minmay_temple_entry_offerings
D:6:      layout_basic, minmay_overflow_temple_star_hex, zin_statuary
Temple:   nicolae_temple_superstar

Skill      XL: |  1  2  3  4  5  6  7  8 |
---------------+-------------------------+-----
Dodging        | 1 2 3 |  3.5
Evocations     | 1 2 3 4 |  4.1
Armour         | 4 5 |  5.5
Fighting       | 4 5 |  5.6
Axes           | 3 4 |  4.5
Shields        | 5 6 |  6.7
Invocations    | 1 |  1.9

Action                   |  1- 3 |  4- 6 |  7- 9 || total
-------------------------+-------+-------+-------++-------
Melee: War axe           |    89 |   117 |   181 ||   387
Evoke: Wand              |       |     1 |       ||     1
  Use: Scroll            |     5 |     3 |     1 ||     9
       Potion            |     1 |     2 |     4 ||     7
 Stab: Invisible         |       |     1 |       ||     1
Armor: Scale mail        |    51 |    52 |    58 ||   161
       Chain mail        |       |       |    21 ||    21
Dodge: Dodged            |    53 |    56 |    77 ||   186
Block: Buckler           |    30 |    42 |    98 ||   170
       Reflection        |       |       |     2 ||     2

Table legend: (Time is in decaauts)
 A = Elapsed time spent in this place.
 B = Non-inter-level travel time spent in this place.
 C = Inter-level travel time spent in this place.
 D = Time resting spent in this place.
 E = Time spent auto-exploring this place.
 F = Levels seen in this place.
 G = Mean time per level.
                   A        B        C        D        E       F      G
               +--------+--------+--------+--------+--------+-----+--------+
         Total |   4392 |   4219 |    173 |     62 |   3200 |   7 |  627.4 |
       Dungeon |   4326 |   4153 |    173 |     62 |   3160 |   6 |  721.0 |
        Temple |     65 |     65 |      0 |      0 |     40 |   1 |   65.0 |
               +--------+--------+--------+--------+--------+-----+--------+

Top non-repeatable levels by time:
     D:4: 1132 daAuts
     D:5: 1030 daAuts
     D:1: 766 daAuts
     D:3: 668 daAuts
     D:2: 634 daAuts
     D:6: 93 daAuts
  Temple: 65 daAuts
